 Dungeon Crawl Stone Soup version 0.25-a0-829-g4e6a552 (webtiles) character file.

Game seed: 2795130623182568998, levelgen mode: deterministic

198 BlueFish the Magician (level 5, 0/37 HPs)
             Began as a Mummy Wizard on Apr 22, 2020.
             Slain by a worker ant (5 damage)
             ... on level 4 of the Dungeon.
             The game lasted 00:09:23 (4304 turns).

BlueFish the Magician (Mummy Wizard)                Turns: 4304, Time: 00:09:24

Health: 0/37       AC:  3    Str: 10    XL:     5   Next: 47%
Magic:  2/13       EV: 12    Int: 19    God:
Gold:   96         SH:  0    Dex: 10    Spells: 8/15 levels left

rFire    x . .     SeeInvis .   e - +1 dagger (speed)
rCold    + . .     Gourm    .   (no shield)
rNeg     + + +     Faith    .   a - +0 robe
rPois    ∞         Spirit   .   b - +1 hat
rElec    .         Reflect  .   (no cloak)
rCorr    .         Harm     .   (no gloves)
MR       .....                  (no boots)
Stlth    ++........             (no amulet)
HPRegen  0.12/turn              (no ring)
MPRegen  0.13/turn              (no ring)

@: no status effects
A: no food or potions, fire vulnerability, cold resistance 1, negative energy
resistance 3, torment resistance, unbreathing
a: no special abilities


You were on level 4 of the Dungeon.
You were not hungry.

You visited 1 branch of the dungeon, and saw 5 of its levels.

You collected 96 gold pieces.

Inventory:

Hand Weapons
 e - a +1 dagger of speed (weapon)
 i - a +0 dagger
Armour
 a - a +0 robe (worn)
 b - a +1 hat (worn)
Scrolls
 c - a scroll of enchant weapon
 d - 2 scrolls of enchant armour
 f - a scroll of amnesia
 g - 2 scrolls of teleportation
 h - a scroll of blinking
 j - a scroll of fog


   Skills:
 * Level 1.4 Fighting
 + Level 0.4 Short Blades
 * Level 2.5 Dodging
 * Level 2.2 Stealth
 * Level 5.8 Spellcasting
 + Level 1.2 Conjurations
 + Level 1.2 Summonings
 + Level 0.7 Translocations


You had 8 spell levels left.
You knew the following spells:

 Your Spells              Type           Power        Failure   Level  Hunger
a - Magic Dart            Conj           ##..         7%          1    N/A
b - Blink                 Tloc           N/A          13%         2    N/A
c - Call Imp              Summ           ##......     11%         2    N/A
d - Slow                  Hex            #.......     17%         2    N/A

Your spell library contained the following spells:

 Spells                   Type           Power        Failure   Level  Hunger
 Conjure Flame            Conj/Fire      #.......     26%         3    N/A
 Mephitic Cloud           Conj/Pois/Air  #.......     28%         3    N/A

Dungeon Overview and Level Annotations

Branches:
Dungeon (5/15)
 Temple: D:4-7

Altars:


Innate Abilities, Weirdness & Mutations

You do not eat or drink.
Your flesh is vulnerable to fire.
You are immune to poison.
Your flesh is cold resistant. (rC+)
You are immune to negative energy. (rN+++)
You are immune to unholy pain and torment.
You can survive without breathing.


Message History

* * * LOW HITPOINT WARNING * * *
Your crimson imp disappears in a puff of smoke!
There is an open door here.
Casting: Call Imp (safe; 11% risk of failure)
Confirm with . or Enter, or press ? or * to list all spells.
You blink.
Casting: Blink (safe; 13% risk of failure)
Confirm with . or Enter, or press ? or * to list all spells.
A beastly little devil appears in a puff of flame.
Casting: Call Imp (safe; 11% risk of failure)
Confirm with . or Enter, or press ? or * to list all spells.
A beastly little devil appears in a puff of flame.
Your crimson imp completely misses the worker ant.
Casting: Call Imp (safe; 11% risk of failure)
Confirm with . or Enter, or press ? or * to list all spells.
You don't have enough magic to cast that spell.
You swap places.
The worker ant waves its antennae.
The worker ant bites you.
You die...

#........+...
...#........####
+...#.......##...
#...#.......#....
#...#.......#....
#...#.......5.55.
#...#.......#####
##5..###+###5....#
#@...#.....'.....#
#5a..'.....#.....#
#....#.....#.....+
############..^..#
#######


You could see a worker ant and 2 friendly crimson imps.

Vanquished Creatures
  2 orc priests (D:3)
  3 adders
  2 worms (D:2)
  2 dart slugs
  A leopard gecko (D:2)
  4 orcs (D:3)
  3 ball pythons
  7 bats
  2 giant cockroaches
  4 hobgoblins
  6 jackals
  2 quokkas (D:3)
  2 frilled lizards (D:1)
  6 goblins
  7 kobolds
  11 rats
64 creatures vanquished.

Vanquished Creatures (collateral kills)
  An orc wizard (D:5)
  2 adders
  2 worms
  A leopard gecko (D:2)
  5 orcs (D:3)
  3 hobgoblins
  2 jackals (D:3)
  A quokka (D:4)
  A goblin (D:2)
18 creatures vanquished.

Grand Total: 82 creatures vanquished

Notes
Turn   | Place    | Note
-------+----------+-------------------------------------------
     0 | D:1      | BlueFish the Mummy Wizard began the quest for the Orb.
     0 | D:1      | Reached XP level 1. HP: 13/13 MP: 5/5
   287 | D:1      | Reached XP level 2. HP: 19/19 MP: 4/7
   291 | D:1      | Learned a level 2 spell: Blink
   294 | D:1      | Learned a level 2 spell: Call Imp
   297 | D:1      | Learned a level 2 spell: Slow
  1010 | D:2      | Reached XP level 3. HP: 13/25 MP: 5/9
  1716 | D:2      | Reached skill level 1 in Conjurations
  1785 | D:2      | Reached XP level 4. HP: 30/31 MP: 8/10
  2216 | D:2      | Reached skill level 5 in Spellcasting
  2586 | D:2      | Reached skill level 1 in Summonings
  3249 | D:3      | Reached skill level 1 in Fighting
  3721 | D:3      | Reached XP level 5. HP: 36/37 MP: 5/13
  4172 | D:3      | You fall into a shaft and drop 2 floors!
  4172 | D:5      | Entered Level 5 of the Dungeon
  4187 | D:5      | Noticed an ice beast
  4304 | D:4      | Slain by a worker ant

Levels and vault maps discovered:
D:1:      minmay_arrival_shattered_statue, layout_rooms,
          hangedman_decor_opposing, serial_bayou_lagoon_a
D:2:      layout_loops_corners, first_ration
D:3:      minmay_door_path, layout_basic
D:4:      layout_gridville, kennysheep_little_box, tso_oasis_becter,
          st_stairs_4, grunt_decor_mini_mirrors, nicolae_gozag_zags_fifth_avenue
D:5:      layout_loops_ring, ebering_ghost_reflecting_pool, grunt_ministairs_12

Skill      XL: |  1  2  3  4 |
---------------+-------------+-----
Dodging        | 2 |  2.5
Conjurations   | 1 |  1.2
Stealth        | 2 |  2.2
Spellcasting   | 5 |  5.8
Summonings     | 1 |  1.2
Fighting       | 1 |  1.4
Short Blades   | |  0.4
Translocations | |  0.7

Action                   |  1- 3 |  4- 6 || total
-------------------------+-------+-------++-------
Melee: Unarmed           |     3 |       ||     3
       Dagger            |    42 |    98 ||   140
 Cast: Magic Dart        |    75 |    79 ||   154
       Call Imp          |     6 |    31 ||    37
       Blink             |       |     1 ||     1
  Use: Scroll            |     4 |     3 ||     7
 Stab: Distracted        |       |     1 ||     1
Armor: Robe              |    15 |    20 ||    35
Dodge: Dodged            |    47 |    75 ||   122

Table legend:
 A = Non-vault XP
 B = Vault XP
 C = Vault XP percentage of total XP
 D = Non-vault monster count
 E = Vault monster count
 F = Vault count percentage of total count
                 A         B        C        D         E       F
            +---------+---------+-------+---------+---------+-------
      Total |     265 |      18 |   6.4 |      79 |       3 |   3.7
            +---------+---------+-------+---------+---------+-------
        D:1 |      27 |       0 |   0.0 |      18 |       0 |   0.0
        D:2 |      95 |       0 |   0.0 |      34 |       0 |   0.0
        D:3 |     122 |      18 |  12.9 |      25 |       3 |  10.7
        D:4 |       1 |       0 |   0.0 |       1 |       0 |   0.0
        D:5 |      20 |       0 |   0.0 |       1 |       0 |   0.0
            +---------+---------+-------+---------+---------+-------
